 Dungeon Crawl Stone Soup version 0.21.1-1-g345015f (webtiles) character file.

20750 Wendigo the Spry (level 13, -10/91 HPs)
             Began as a Kobold Berserker on July 19, 2018.
             Was an Elder of Trog.
             Mangled by a very large slime creature (39 damage)
             ... on level 9 of the Dungeon on July 20, 2018.
             The game lasted 01:00:43 (18313 turns).

Wendigo the Spry (Kobold Berserker)                Turns: 18313, Time: 01:00:43

Health: -10/91     AC: 29    Str: 16    XL:     13   Next: 14%
Magic:  15/15      EV: 14    Int:  8    God:    Trog [****..]
Gold:   447        SH:  0    Dex: 18    Spells: 12/12 levels left

rFire    x . .     SeeInvis .   x - +1 rapier (venom)
rCold    + . .     Gourm    .   (shield restricted)
rNeg     . . .     Faith    .   R - +15 Maxwell's patent armour {-Cast -Tele rElec MR+ rCorr}
rPois    .         Spirit   .   l - +1 helmet
rElec    +         Reflect  .   (no cloak)
rCorr    +         Harm     .   h - +0 pair of gloves
MR       +++..     NoTele   +   (no boots) Stlth ..........NoCast +
                                (no amulet)
HPRegen  1.25/turn              K - ring of ice
MPRegen  0.14/turn              o - ring of stealth

@: lethally poisoned (-10 -> -10), berserk cooldown, regenerating, slowed, very
slow
A: small, carnivore
a: Berserk, Trog's Hand, Brothers in Arms, Burn Spellbooks, Renounce Religion


You were on level 9 of the Dungeon.
You worshipped Trog.
Trog was greatly pleased with you.
You were full.

You visited 3 branches of the dungeon, and saw 14 of its levels.
You also visited: Ice Cave.

You collected 799 gold pieces.
You spent 352 gold pieces at shops.

Inventory:

Hand Weapons
 a - a +0 short sword
 p - a +2 dagger of venom
 x - a +1 rapier of venom (weapon)
Missiles
 g - 84 bolts
 k - a throwing net (quivered)
Armour
 h - a +0 pair of gloves (worn)
 l - a +1 helmet (worn)
 A - the +1 leather armour of the Ten Planets {-Cast +Blink SInv}
   (You bought it in a shop on level 5 of the Dungeon)

   It lets you see invisible.
   It lets you blink.
   It prevents spellcasting.
 L - the +1 leather armour of Resourcefulness {rPois Regen+}
   (You found it on level 8 of the Dungeon)

   It protects you from poison.
   It increases your rate of regeneration.
 P - a +2 plate armour of cold resistance
 Q - a +1 chain mail of poison resistance
 R - the +15 Maxwell's patent armour (worn) {-Cast -Tele rElec MR+ rCorr}
   (You found it in an ice cave)

   It insulates you from electricity.
   It affects your resistance to hostile enchantments.
   It prevents spellcasting.
   It prevents most forms of teleportation.
   It protects you from acid and corrosion.
Jewellery
 e - the amulet of Day {Harm *Drain Int+4}
   (You found it on level 1 of the Lair of Beasts)

   [amulet of harm]

   It increases damage dealt and taken.
   It affects your intelligence (+4).
   It causes draining when unequipped.
 f - an uncursed ring of stealth
 o - a ring of stealth (right hand)
 t - a +3 ring of dexterity
 u - an uncursed amulet of magic regeneration
 K - a ring of ice (left hand)
Wands
 n - a wand of random effects (18)
 r - a wand of clouds (2)
 G - a wand of acid (7)
 J - a wand of paralysis (10)
 M - a wand of flame (60)
 N - a wand of enslavement (12)
Scrolls
 b - 4 scrolls of teleportation
 s - 3 scrolls of blinking
 y - a scroll of fog
 B - 3 scrolls of remove curse
 D - 3 scrolls of enchant armour
 H - 4 scrolls of magic mapping
Potions
 d - 2 potions of cancellation
 i - a potion of berserk rage
 j - 11 potions of curing
 m - a potion of brilliance
 q - a potion of might
 z - 2 potions of ambrosia
 C - 4 potions of agility
 E - a potion of haste
 F - 2 potions of heal wounds
 I - a potion of lignification
Books
 O - a book of Battle

   Spells                             Type                      Level
   a - Infusion                       Charms                       1
   b - Shroud of Golubria             Charms/Translocation         2
   c - Song of Slaying                Charms                       2
   d - Spectral Weapon                Hexes/Charms                 3
   e - Regeneration                   Charms/Necromancy            3
   Trog disapproves of the use of such an item.
 S - a book of Dreams

   Spells                             Type                      Level
   a - Ensorcelled Hibernation        Hexes/Ice                    2
   b - Borgnjor's Vile Clutch         Necromancy/Earth             5
   c - Silence                        Hexes/Air                    5
   d - Darkness                       Hexes                        6
   e - Shadow Creatures               Summoning                    6
   Trog disapproves of the use of such an item.
Miscellaneous
 w - a phantom mirror
Comestibles
 c - 20 rations


   Skills:
 + Level 14.3 Fighting
 + Level 11.1 Short Blades
 + Level 2.7 Armour
 - Level 15.0 Dodging
 - Level 5.0 Stealth
 - Level 3.0 Evocations


You had 12 spell levels left.
You didn't know any spells.

Dungeon Overview and Level Annotations

Branches:
Dungeon (9/15)             Temple (1/1) D:4            Lair (4/6) D:8
  Swamp (0/4) Lair:3       Spider (0/4) Lair:3
    Orc: D:9-12

Altars:
Ashenzari
Gozag
Hepliaklqana
Nemelex Xobeh
Uskayaw
The Shining One

Shops:
D:5 *   D:8 [!

Annotations:
D:3 exclusion: 2 downstairs
D:6 exclusion: downstairs
Lair:1 exclusion: downstairs


Innate Abilities, Weirdness & Mutations

You are small and have problems with some larger weapons.
You are carnivorous and can eat meat at any time.


Message History

You puncture the large slime creature!
The large slime creature is heavily wounded.
You hit the large slime creature.
The large slime creature is heavily wounded.
You impale the large slime creature!!
The large slime creature is severely wounded.
The large slime creature hits you!
* * * LOW HITPOINT WARNING * * *
Two slime creatures merge to form a very large slime creature.
You feel a strong urge to attack something.
You are no longer berserk.
You are exhausted.
You feel yourself slow down.
You feel sick.
You feel sick.
Your skin crawls.
You feel resistant to hostile enchantments.
Your ogre goes berserk!
You feel quite a bit less full.
You feel sick.
The very large slime creature hits you!!!
You die...

...... ######### ......
#.......# <...# #.#####.#
....# #.# #.# ....+
#.#####.# ....## #.#.....#
...... #.#.##### .....#
###########.#.#..# ##+#.#
#)))..JJ@O..#.#..# #.#
#.#########.#.#..#
##.#'####.#..............#
...JJy..Z>..........#.##.###
.....(.)###.#######.#......#
#.#.....# .# #.########
...#+##+###+##### #.# #..
........# #.# #..
........###.#


You could see a very large slime creature, a slime creature and a friendly ogre
(berserk).

Vanquished Creatures
  A two-headed ogre (D:9)
  2 death yaks
  A necromancer (IceCv)
  An orb spider (Lair:3)
  2 oklob plants (Lair:1)
  An ice statue (IceCv)
  7 spiny frogs
  4 komodo dragons
  8 ice devils (IceCv)
  2 slime creatures
  7 hippogriffs
  11 blink frogs
  2 wyverns
  A basilisk (Lair:2)
  6 yaks
  Menkaure (D:4)
  5 swamp worms (Lair:3)
  Duvessa (D:3)
  4 porcupines
  6 water moccasins
  4 orc warriors
  2 ice beasts
  A phantom (D:5)
  A centaur (D:5)
  3 ogres
  4 crocodiles
  A big kobold (D:9)
  11 bullfrogs
  A gnoll sergeant (D:4)
  2 scorpions
  Dowan (D:3)
  3 killer bees (D:9)
  3 electric eels
  3 howler monkeys
  5 crimson imps
  4 draconian simulacra (IceCv)
  A bullfrog zombie (D:2)
  A jelly (D:3)
  2 centaur skeletons
  A bullfrog skeleton (D:7)
  3 hounds
  8 orc priests
  Jessica (D:2)
  9 orc wizards
  An iguana (D:5)
  A troll simulacrum (IceCv)
  4 worker ants
  A centaur simulacrum (IceCv)
  A hound zombie (D:7)
  Robin (D:2)
  An ogre simulacrum (IceCv)
  5 adders
  8 gnolls
  3 naga simulacra (IceCv)
  2 oozes
  An adder zombie (D:9)
  3 worms
  3 dart slugs
  A leopard gecko (D:7)
  47 orcs
  5 bats
  4 giant cockroaches
  11 goblins
  8 hobgoblins
  12 jackals
  5 quokkas
  A ball python (D:3)
  4 frilled lizards
  A giant cockroach zombie (D:6)
  3 hobgoblin zombies (D:4)
  A jackal skeleton (D:6)
  11 kobolds
  2 kobold skeletons (D:4)
  A kobold zombie (D:4)
  A quokka zombie (D:7)
  7 rats
308 creatures vanquished.

Vanquished Creatures (collateral kills)
  A death yak (D:8)
  3 ice statues (IceCv)
  A yak (D:8)
  A jelly (D:8)
6 creatures vanquished.

Vanquished Creatures (others)
  3 plants (Lair:1)
3 creatures vanquished.

Grand Total: 317 creatures vanquished

Notes
Turn   | Place    | Note
-------+----------+-------------------------------------------
     0 | D:1      | Wendigo the Kobold Berserker began the quest for the Orb.
     0 | D:1      | Reached XP level 1. HP: 14/14 MP: 1/1
    50 | D:1      | Reached XP level 2. HP: 18/19 MP: 2/2
    69 | D:1      | Reached skill level 1 in Stealth
   708 | D:1      | Reached XP level 3. HP: 10/23 MP: 3/3
   930 | D:1      | Reached skill level 3 in Dodging
  1123 | D:2      | Found a shattered altar of Ashenzari.
  1124 | D:2      | Noticed Jessica
  1137 | D:2      | Found a sparkling altar of Nemelex Xobeh.
  1395 | D:2      | Killed Jessica
  1395 | D:2      | Reached XP level 4. HP: 29/29 MP: 4/4
  1574 | D:2      | Reached XP level 5. HP: 32/33 MP: 5/5
  1635 | D:2      | Noticed Robin
  1637 | D:2      | Reached ** piety under Trog
  1637 | D:2      | Reached skill level 5 in Short Blades
  1656 | D:2      | Killed Robin
  2086 | D:2      | Reached skill level 4 in Dodging
  2086 | D:2      | Reached XP level 6. HP: 39/39 MP: 6/6
  2821 | D:3      | Reached *** piety under Trog
  3347 | D:3      | Reached XP level 7. HP: 44/44 MP: 7/7
  3480 | D:4      | Reached skill level 5 in Fighting
  4393 | D:4      | Found a glowing golden altar of the Shining One.
  4411 | D:4      | Reached skill level 5 in Dodging
  4411 | D:4      | Reached skill level 5 in Stealth
  4413 | D:4      | Noticed Duvessa
  4424 | D:4      | Noticed Dowan
  4480 | D:3      | Killed Dowan
  4492 | D:3      | Killed Duvessa
  4585 | D:4      | Reached XP level 8. HP: 51/51 MP: 8/8
  4642 | D:4      | Noticed Menkaure
  4657 | D:4      | Killed Menkaure
  4912 | D:4      | Found a staircase to the Ecumenical Temple.
  4918 | Temple   | Entered the Ecumenical Temple
  5045 | D:4      | Reached skill level 6 in Dodging
  5100 | D:5      | Entered Level 5 of the Dungeon
  5139 | D:5      | Found a hazy altar of Hepliaklqana.
  5443 | D:5      | Found Ulai's Assorted Antiques.
  5467 | D:5      | Bought a brightly glowing leather armour for 203 gold pieces
  5467 | D:5      | Bought a scroll labeled YTEYDI GUA for 29 gold pieces
  5479 | D:5      | Identified the cursed +1 leather armour of the Ten Planets {-Cast +Blink SInv} (You bought it in a shop on level 5 of the Dungeon)
  6012 | D:6      | Reached skill level 7 in Dodging
  6139 | D:6      | Reached XP level 9. HP: 46/57 MP: 9/9
  6314 | D:6      | Found an opulent altar of Gozag.
  6890 | D:7      | Noticed a hippogriff
  6902 | D:7      | Killed a hippogriff
  6902 | D:7      | Reached skill level 8 in Dodging
  7148 | D:7      | Reached **** piety under Trog
  7256 | D:7      | Reached skill level 10 in Short Blades
  7329 | D:7      | Reached skill level 9 in Dodging
  7329 | D:7      | Reached XP level 10. HP: 57/65 MP: 10/10
  7534 | D:7      | You fall through a shaft!
  7553 | D:8      | Found Neehic's Distillery.
  7571 | D:8      | Bought a potion of lignification for 45 gold pieces
  7571 | D:8      | Bought a potion of heal wounds for 75 gold pieces
  8229 | D:8      | Found a staircase to the Lair.
  8229 | D:8      | Noticed a death yak
  8231 | D:8      | Noticed a death yak
  8259 | D:8      | Killed a death yak
  8259 | D:8      | Reached skill level 10 in Dodging
  8320 | D:7      | Killed a death yak
  8320 | D:7      | Reached skill level 10 in Fighting
  8732 | D:8      | Found a hide-covered altar of Uskayaw.
  8814 | D:8      | Noticed a death yak
  8839 | D:8      | Killed a death yak
  8839 | D:8      | Reached skill level 11 in Dodging
  9085 | D:8      | Got a dazzling leather armour
  9104 | D:8      | Identified the +1 leather armour of Resourcefulness {rPois Regen+} (You found it on level 8 of the Dungeon)
  9204 | D:8      | Found Vediopocs's Armour Emporium.
  9515 | D:9      | Noticed a two-headed ogre
  9561 | D:8      | Reached XP level 11. HP: 57/73 MP: 11/11
  9666 | Lair:1   | Entered Level 1 of the Lair of Beasts
  9969 | Lair:1   | Reached skill level 1 in Evocations
 10214 | Lair:1   | Reached skill level 12 in Dodging
 10738 | Lair:1   | Noticed an eight-headed hydra
 10819 | D:7      | You fall through a shaft!
 11215 | Lair:1   | Noticed an oklob plant
 11268 | Lair:1   | Noticed an oklob plant
 11878 | Lair:1   | Killed an oklob plant
 11922 | Lair:1   | Killed an oklob plant
 11935 | Lair:1   | Got a coiled pewter amulet
 11942 | Lair:1   | Identified the amulet of Day {Harm *Drain Int+4} (You found it on level 1 of the Lair of Beasts)
 12193 | Lair:1   | Reached skill level 13 in Dodging
 13153 | Lair:2   | Reached XP level 12. HP: 76/82 MP: 14/14
 13770 | Lair:3   | Found a frozen archway.
 13779 | IceCv    | Entered an ice cave
 14288 | IceCv    | Reached skill level 14 in Dodging
 15745 | IceCv    | Found the +15 Maxwell's patent armour {-Cast -Tele rElec MR+ rCorr}
 16718 | Lair:3   | Found a hole to the Spider Nest.
 17528 | Lair:3   | Reached skill level 15 in Dodging
 17569 | Lair:3   | Reached XP level 13. HP: 90/90 MP: 15/15
 17576 | Lair:3   | Found a staircase to the Swamp.
 18017 | Lair:4   | Noticed an eight-headed hydra
 18313 | D:9      | Mangled by a very large slime creature

Skill      XL: |  1  2  3  4  5  6  7  8  9 10 11 12 13 |
---------------+----------------------------------------+-----
Stealth        | 1 2 3 4 5 |  5.0
Dodging        | 3 4 5 7 9 11 13 15 | 15.0
Fighting       | 4 5 7 8 10 12 14 | 14.3
Short Blades   | 5 6 8 10 11 | 11.1
Evocations     | 3 |  3.0
Armour         | 2 |  2.7

Action                   |  1- 3 |  4- 6 |  7- 9 | 10-12 | 13-15 || total
-------------------------+-------+-------+-------+-------+-------++-------
Melee: Short sword       |   107 |   240 |    90 |       |       ||   437
       Dagger            |       |       |   308 |   893 |       ||  1201
       Rapier            |       |       |       |   116 |   134 ||   250
Throw: Tomahawk          |     1 |     6 |       |       |       ||     7
       Throwing net      |       |       |     1 |     1 |       ||     2
Invok: Berserk           |     3 |     4 |     9 |    17 |     1 ||    34
       Trog's Hand       |       |     1 |     4 |    12 |     1 ||    18
       Brothers in Arms  |       |       |       |     4 |     1 ||     5
       Burn Spellbooks   |       |       |       |     2 |       ||     2
 Abil: Evoke Blink       |       |       |     1 |     8 |       ||     9
Evoke: Wand              |       |       |       |    26 |       ||    26
  Use: Scroll            |     1 |     7 |     9 |    12 |       ||    29
       Potion            |       |       |       |     3 |       ||     3
 Stab: Sleeping          |     3 |       |     9 |    23 |       ||    35
       Held in net/web   |       |       |     2 |       |       ||     2
       Distracted        |       |       |       |     1 |       ||     1
  Eat: Chunk             |     9 |    14 |    22 |    46 |     1 ||    92
       Ration            |       |       |       |     5 |       ||     5
Armor: Animal skin       |    14 |     2 |       |       |       ||    16
       Chain mail        |       |    98 |    18 |       |       ||   116
       Ring mail         |       |       |    14 |       |       ||    14
       Leather armour    |       |       |    18 |    63 |       ||    81
       Plate armour      |       |       |       |    16 |    48 ||    64
Dodge: Dodged            |    99 |   116 |   192 |   638 |    74 ||  1119
